Map: Ulrena

Players

ILLBdA

  • Race: Protoss Protoss
  • League: Diamond

무소유 - Winner!

  • Race: Terran Terran

VOD

Have the link to the VOD?

Description

Time

  • Played on: Dec. 23, 2015, 9:58 a.m.
  • Length: 2:09
Show
View Real Time Build Order
Export as new Build Order

ILLBdA Protoss 

Build Orders: Cannon Rush 

Get SALT Encoding   

  12  0:01  Probe (Chrono Boost)  
  13  0:11  Probe (Chrono Boost)  
  14  0:19  Pylon  
  14  0:22  Probe (Chrono Boost)  
  15  0:37  Probe (Chrono Boost), Forge  
  16  0:48  Probe (Chrono Boost)  
  17  0:58  Probe (Chrono Boost)  
  18  1:09  Pylon  
  18  1:12  Pylon x2  
  18  1:22  Pylon  
  18  1:27  Photon Cannon  
  18  1:34  Photon Cannon  
  18  1:38  Photon Cannon  
  17  1:47  Photon Cannon  
  17  1:53  Photon Cannon  
  17  2:03  Photon Cannon  
  17  2:06  Pylon  
Show
View Real Time Build Order
Export as new Build Order

무소유 Terran - Winner!

Build Orders:  

Get SALT Encoding   

  12  0:00  SCV  
  13  0:13  SCV  
  14  0:20  Supply Depot  
  14  0:25  SCV  
  15  0:41  SCV  
  16  0:43  Barracks  
  16  0:44  Refinery  
  16  0:53  SCV  
  17  1:05  SCV  
  18  1:21  SCV  
  19  1:35  Orbital Command  
  19  1:37  Refinery  
  19  1:45  Marine  
Tags
 
League
Diamond
Matchup
PvT
Replay Pack
me
Add a new tag
Caveats
  • Supply blocks, unpowered buildings, or Contaminate may cause inaccurate times.
  • Supply counts are checked every 10 seconds.